 Dungeon Crawl Stone Soup version 0.30.1-4-g462c640d31 (webtiles) character file.

Game seed: 14590570226024104754

9 Cassiopeia the Grasshopper (level 2, -1/26 HPs)
             Began as a Gnoll Warper on Sept 13, 2023.
             Slain by a jackal (2 damage)
             ... on level 1 of the Dungeon.
             The game lasted 00:00:43 (114 turns).

Cassiopeia the Grasshopper (Gnoll Warper)            Turns: 114, Time: 00:00:44

Health: -1/26      AC:  3    Str: 10    XL:     2   Next: 12%
Magic:  7/7        EV: 12    Int: 12    God:
Gold:   21         SH:  3    Dex: 11    Spells: 10/10 levels left

rFire   . . .        a - +0 spear
rCold   . . .        g - +0 buckler
rNeg    . . .        b - +0 leather armour
rPois   .            (no helmet)
rElec   .            (no cloak)
rCorr   .            (no gloves)
SInv    .            (no boots)
Will    .....        (no amulet)
Stlth   +            (no ring)
HPRegen 0.24/turn    (no ring)
MPRegen 0.10/turn

%: no passive effects
@: no status effects
A: fangs 1, strong nose, distributed training
a: no special abilities


You were on level 1 of the Dungeon.
You visited 1 branch of the dungeon, and saw 2 of its levels.

You collected 21 gold pieces.

Inventory:

Hand Weapons
 a - a +0 spear (weapon)
Missiles
 d - 7 boomerangs of dispersal (quivered)
Armour
 b - a +0 leather armour (worn)
 g - a +0 buckler (worn)
Scrolls
 e - a scroll of amnesia {unknown}
Potions
 f - a potion of flight {unknown}


   Skills:
 + Level 4.4 Fighting
 + Level 0.3 Short Blades
 + Level 0.3 Long Blades
 + Level 0.3 Axes
 + Level 0.3 Maces & Flails
 + Level 4.4 Polearms
 + Level 0.3 Staves
 + Level 0.3 Ranged Weapons
 + Level 2.4 Throwing
 + Level 2.4 Armour
 + Level 4.4 Dodging
 + Level 0.3 Stealth
 + Level 0.3 Shields
 + Level 0.3 Unarmed Combat
 + Level 4.9 Spellcasting
 + Level 0.2 Conjurations
 + Level 0.2 Hexes
 + Level 0.2 Summonings
 + Level 0.2 Necromancy
 + Level 5.3 Translocations
 + Level 0.2 Transmutations
 + Level 0.2 Fire Magic
 + Level 0.2 Ice Magic
 + Level 0.2 Air Magic
 + Level 0.2 Earth Magic
 + Level 0.2 Poison Magic
 + Level 0.4 Invocations
 + Level 0.3 Evocations


You had 10 spell levels left.
You didn't know any spells.
Your spell library contained the following spells:

 Spells                   Type           Power      Damage    Failure   Level
 Blink                    Tloc           30%        N/A       7%          2
 Lesser Beckoning         Tloc           30%        N/A       7%          2
 Teleport Other           Tloc           15%        N/A       14%         3
 Portal Projectile        Hex/Tloc       18%        N/A       36%         3
 Vhi's Electric Charge    Tloc/Air       18%        N/A       36%         3
 Manifold Assault         Tloc           15%        N/A       41%         4
 Call Canine Familiar     Summ           3%         N/A       75%         3
 Inner Flame              Hex/Fire       3%         N/A       75%         3
 Flame Wave               Conj/Fire      3%         2d5       98%         4
 Leda's Liquefaction      Hex/Erth       1%         N/A       98%         4
 Sticky Flame             Conj/Fire      3%         2d3       98%         4


Dungeon Overview and Level Annotations

Branches:
Dungeon (2/15)

Altars:


Innate Abilities, Weirdness & Mutations

You have very sharp teeth.
Your uncanny sense of smell can sniff out nearby items.
Your experience applies equally to all skills.


Message History

You are too injured to fight recklessly!
You closely miss the kobold. You bite the kobold, but do no damage.
The kobold hits you with a +2 short sword of flaming.
The kobold burns you.
You hit the kobold. Your bite misses the kobold.
The kobold is moderately wounded.
The kobold barely misses you.
You closely miss the kobold. Your bite misses the kobold.
The kobold is moderately wounded.
The kobold hits you with a +2 short sword of flaming.
* * * LOW HITPOINT WARNING * * *
The kobold burns you.
* * * LOW HITPOINT WARNING * * *
Unknown command.
Blink to where?
Press: ? - help, Dir - move target
As you read the scroll of blinking, it crumbles to dust.
Okay, then.
There is a stone staircase leading down here.
You climb downwards.
The adder hisses angrily.
Found six items.
Found a stone staircase leading down.
There is a stone staircase leading up here.
You climb upwards.
There is a stone staircase leading down here.
The kobold attacks as you move away! The kobold completely misses you.
The kobold attacks as you move away! The kobold closely misses you.
The kobold attacks as you move away! The kobold hits you but does no damage.
The jackal attacks as you move away! You block the jackal's attack.
The jackal barely misses you. The jackal attacks as you move away!
The jackal bites you.
* * * LOW HITPOINT WARNING * * *
The kobold attacks as you move away!
The kobold hits you with a +2 short sword of flaming.
* * * LOW HITPOINT WARNING * * *
The kobold burns you.
* * * LOW HITPOINT WARNING * * *
The kobold attacks as you move away! You block the kobold's attack.
The jackal bites you.
You die...

...........)....#.#..####..#....
..................##............
.......)..........##...........>
$....>..........................
##....##............).........#
#....##...........##.........##
##............K#....#..........#
.......######..h..........####.#
.......# #..#@......#..##...
..###### #..###.......#..#.##
### #..#############...#∆
#..#... ##...# #.##...~♣#
##♣P...# ∆ #. ...~~~#+#P~~...##
♣~~~~~~~~~......
...~~P#.#P~~....#.
...~♣##.##P♣......


You could see a jackal and a kobold.

Vanquished Creatures
  A bat (D:1)
  An endoplasm (D:1)
  A goblin (D:1)
  A jackal (D:1)
  A quokka (D:1)
  2 kobolds (D:1)
7 creatures vanquished.

Notes
Turn   | Place    | Note
-------+----------+-------------------------------------------
     0 | D:1      | Cassiopeia the Gnoll Warper began the quest for the Orb.
     0 | D:1      | Reached XP level 1. HP: 20/20 MP: 6/6
    72 | D:1      | Reached XP level 2. HP: 25/26 MP: 7/7
   113 | D:1      | HP: 1/26 [kobold/+2 short sword of flaming (1)]
   114 | D:1      | Slain by a jackal

Illustrated notes

Levels and vault maps discovered:
D:1:      sevenhm_arrival_forest_fort_small_4, layout_rooms
D:2:      layout_rooms, dk_vineyard_3

Action                     || total
---------------------------++-------
  Melee: Spear             ||    31
         Bite              ||     5
    Use: Scroll            ||     1
 Armour: Leather armour    ||     9
  Dodge: Dodged            ||    29
  Block: Buckler           ||     8
